 Dungeon Crawl Stone Soup version 0.18.1-6-gd335043 (webtiles) character file.

352 Implojin the Insei (level 6, -1/48 HPs)
             Began as a Mummy Monk on May 19, 2016.
             Slain by a phantom (9 damage)
             ... on level 3 of the Dungeon.
             The game lasted 00:13:58 (7977 turns).

Implojin the Insei (Mummy Monk)                     Turns: 7977, Time: 00:13:59

Health: -1/48      AC:  1    Str: 14    XL:     6   Next: 34%
Magic:  6/6        EV: 13    Int:  9    God:
Gold:   137        SH:  0    Dex: 17    Spells: 0 memorised, 5 levels left

rFire  . . .     SeeInvis .       - Unarmed
rCold  + . .     Gourm    .     (no armour)
rNeg   + + +     Faith    .     (no shield)
rPois  ∞         Spirit   .     (no helmet)
rElec  .         Dismiss  .     (no cloak)
rCorr  .         Reflect  .     (no gloves)
SustAt .         Harm     .     h - +0 pair of boots
MR     .....                    (no amulet)
Stlth  ++........               (no ring)
                                f - ring of protection from fire

@: not resistant to hostile enchantments, unstealthy
A: no food or potions, fire vulnerability, cold resistance 1, negative energy
resistance 3, torment resistance, unbreathing
a: no special abilities


You were on level 3 of the Dungeon.
You were not hungry.

You visited 1 branch of the dungeon, and saw 4 of its levels.

You collected 137 gold pieces.

Inventory:

Armour
 h - a +0 pair of boots (worn)
Jewellery
 f - a ring of protection from fire (left hand)
 g - an uncursed amulet of dismissal {unknown}
 i - a -5 ring of evasion
Scrolls
 b - 3 scrolls of magic mapping
 c - 2 scrolls of random uselessness
 d - a scroll of enchant weapon
 e - 3 scrolls of remove curse
 j - 2 scrolls of recharging
 k - a scroll of fear {unknown}
Comestibles
 a - 2 bread rations (quivered)


   Skills:
 * Level 4.0 Fighting
 - Level 2.4 Dodging
 - Level 1.5 Stealth
 - Level 6.0 Unarmed Combat


You had 5 spell levels left.
You didn't know any spells.

Dungeon Overview and Level Annotations

Branches:
Dungeon (4/15)
 Temple: D:4-7

Altars:
Cheibriados
Dithmenos
Trog
Yredelemnul
The Shining One

Annotations:
D:2 3 exclusions, Sigmund


Innate Abilities, Weirdness & Mutations

You do not eat or drink.
Your flesh is vulnerable to fire.
You are immune to poison.
Your flesh is cold resistant.
You are immune to negative energy.
You are immune to unholy pain and torment.
You can survive without breathing.


Message History

You swing at nothing.
You swing at nothing.
You swing at nothing.
You swing at nothing.
You punch the phantom!
The phantom is lightly damaged.
The phantom completely misses you.
You hit the phantom but do no damage.
The phantom is lightly damaged.
The phantom hits you!
You hit the phantom.
The phantom is moderately damaged.
You hit the phantom.
The phantom is moderately damaged.
The phantom hits you!
You punch the phantom!
The phantom is heavily damaged.
The phantom hits you.
* * * LOW HITPOINT WARNING * * *
You punch the phantom!
The phantom is severely damaged.
The phantom hits you.
* * * LOW HITPOINT WARNING * * *
You hit the phantom.
The phantom is severely damaged.
The phantom closely misses you.
You closely miss the phantom.
The phantom is severely damaged.
The phantom hits you!
* * * LOW HITPOINT WARNING * * *
You closely miss the phantom.
The phantom is severely damaged.
The phantom hits you.
* * * LOW HITPOINT WARNING * * *
Read which item? (? for menu, Esc to quit)
Okay, then.
You barely miss the phantom. You punch the phantom!
The phantom is almost destroyed.
The phantom hits you!
You die...

...# #.# ♣.♣♣♣ ♣♣. ...# #.#
♣.♣ ♣.♣ ...# #.# ♣♣.♣
♣♣♣♣♣.♣ ...# #.# ♣.♣♣
♣.♣♣.♣♣ ...# #.# ♣.♣
♣♣♣†..♣♣ ...# #.# ♣♣.♣
♣♣...♣♣♣ ...# #.# ♣♣.♣♣
♣[...♣♣ ...## #.# ♣W.♣
♣.....♣ #...### #.# ♣@♣♣
♣....♣♣ ###...### #.# ♣♣♣
♣♣..♣.♣ ###...####.# ♣♣♣♣♣♣
# ###...##.## ##
###.....##################.
###....[.............[...
###...#################
##### # #


You could see a phantom.

Vanquished Creatures
  3 orc wizards
  An iguana (D:3)
  11 adders
  2 oozes
  6 worms
  4 dart slugs
  5 giant geckos
  15 orcs
  6 bats
  4 giant cockroaches
  10 goblins
  5 hobgoblins
  7 jackals
  2 kobolds (D:3)
  A quokka (D:2)
  2 ball pythons (D:2)
  3 giant newts (D:3)
  14 rats
101 creatures vanquished.

Notes
Turn   | Place    | Note
--------------------------------------------------------------
     0 | D:1      | Implojin the Mummy Monk began the quest for the Orb.
     0 | D:1      | Reached XP level 1. HP: 18/18 MP: 1/1
   146 | D:1      | Reached XP level 2. HP: 10/24 MP: 2/2
   948 | D:1      | Reached skill level 4 in Unarmed Combat
  1171 | D:2      | Reached XP level 3. HP: 27/29 MP: 3/3
  2353 | D:2      | Found a shadowy altar of Dithmenos.
  2356 | D:2      | Found a basalt altar of Yredelemnul.
  2359 | D:2      | Found a bloodstained altar of Trog.
  2475 | D:2      | Reached XP level 4. HP: 13/35 MP: 4/4
  3029 | D:2      | Noticed Sigmund
  3663 | D:3      | Reached skill level 5 in Unarmed Combat
  4850 | D:3      | Reached XP level 5. HP: 39/41 MP: 5/5
  5607 | D:3      | Found a faded altar to an unknown god.
  5626 | D:3      | Found a glowing golden altar of the Shining One.
  5629 | D:3      | Found a snail-covered altar of Cheibriados.
  6030 | D:3      | Reached skill level 6 in Unarmed Combat
  6464 | D:3      | Reached XP level 6. HP: 20/47 MP: 6/6
  7234 | D:4      | Reached skill level 4 in Fighting
  7977 | D:3      | Slain by a phantom

Skill      XL: |  1  2  3  4  5  6 |
---------------+-------------------+-----
Unarmed Combat | 4 5 6 |  6.0
Fighting       | 4 |  4.0
Dodging        | |  2.4
Stealth        | |  1.5

Action                   |  1- 3 |  4- 6 || total
-------------------------+-------+-------++-------
Melee: Unarmed           |   180 |   273 ||   453
       Punch             |     4 |     6 ||    10
  Use: Scroll            |     7 |     1 ||     8
 Stab: Sleeping          |     3 |     4 ||     7
       Distracted        |     1 |       ||     1
Armor: Skin              |     7 |    18 ||    25
Dodge: Dodged            |   112 |   143 ||   255

Table legend:
 A = Turns spent in this place as a percentage of turns spent in the entire game.
 B = Non-inter-level travel turns spent in this place as a percentage of non-inter-level travel turns spent in the entire game.
 C = Inter-level travel turns spent in this place as a percentage of turns spent in this place.
 D = Turns resting spent in this place as a percentage of non-inter-level travel turns spent in this place.
 E = Turns spent auto-exploring this place as a percentage of non-inter-level travel turns spent in this place.
 F = Non-inter-level travel turns spent in this place divided by the number of levels of this place that you've seen.
                   A       B       C       D       E      F
               +-------+-------+-------+-------+-------+----------------------
         Total | 100.0 | 100.0 |   0.3 |   4.8 |   5.0 | 597.2
       Dungeon | 100.0 | 100.0 |   0.3 |   4.8 |   5.0 | 597.2
               +-------+-------+-------+-------+-------+----------------------

Table legend:
 A = Kills in this place as a percentage of kills in entire the game.
 B = Kills by you in this place as a percentage of kills by you in the entire game.
 C = Kills by friends in this place as a percentage of kills by friends in the entire game.
 D = Other kills in this place as a percentage of other kills in the entire game.
 E = Experience gained in this place as a percentage of experience gained in the entire game.
 F = Experience gained in this place divided by the number of levels of this place that you have seen.
                   A       B       C       D       E      F
               +-------+-------+-------+-------+-------+----------------------
         Total | 100.0 | 100.0 |  -nan |  -nan | 100.0 | 125.8
       Dungeon | 100.0 | 100.0 |  -nan |  -nan | 100.0 | 125.8
               +-------+-------+-------+-------+-------+----------------------
